 Dungeon Crawl Stone Soup version 0.19.4-8-ga85b6b9 (webtiles) character file.

1035 Gargoyl the Chopper (level 8, -4/68 HPs)
             Began as a Ghoul Abyssal Knight on Feb 9, 2017.
             Was a Priest of Lugonu.
             Slain by an orc warrior
             ... wielding a +0 mace
              (8 damage)
             ... on level 7 of the Dungeon.
             The game lasted 00:11:39 (4644 turns).

Gargoyl the Chopper (Ghoul Abyssal Knight)          Turns: 4644, Time: 00:11:39

Health: -4/68      AC: 13    Str: 14 (16) XL:     8   Next: 24%
Magic:  10/10      EV: 14    Int:  5 (7)  God:    Lugonu [***...]
Gold:   264        SH:  0    Dex: 14 (15) Spells: 0 memorised, 7 levels left

rFire  . . .     SeeInvis .     a - +1 hand axe
rCold  + + .     Gourm    .     n - +1 chain mail {rC+}
rNeg   + + +     Faith    .     (no shield)
rPois  ∞         Spirit   .     (no helmet)
rElec  .         Reflect  .     e - +0 cloak
rCorr  +         Harm     .     (no gloves)
MR     .....                    h - +0 pair of boots
Stlth  ..........               (no amulet)
                                j - ring of resist corrosion
                                d - +2 ring of evasion

@: agile, rotting
A: rotting body, claws 1, carnivore 3, cold resistance 1, negative energy
resistance 3, slow regeneration 1, torment resistance, unbreathing
a: Depart the Abyss, Bend Space, Banish, Renounce Religion


You were on level 7 of the Dungeon.
You worshipped Lugonu.
Lugonu was most pleased with you.
You were not hungry.

You visited 1 branch of the dungeon, and saw 7 of its levels.
You visited the Abyss 1 time.

You collected 264 gold pieces.

Inventory:

Hand Weapons
 a - a +1 hand axe (weapon)
Missiles
 i - 8 silver javelins (quivered)
Armour
 e - a +0 cloak (worn)
 h - a +0 pair of boots (worn)
 n - a +1 chain mail of cold resistance (worn)
Jewellery
 d - a +2 ring of evasion (left claw)
 j - a ring of resist corrosion (right claw)
Wands
 l - a wand of confusion (23/48)
 p - a wand of lightning (7/15)
 q - a wand of paralysis (7/24)
Scrolls
 g - 3 scrolls of remove curse
 o - 7 scrolls of identify
 v - a scroll of fear
Potions
 b - 2 potions of magic
 m - a potion of lignification
 w - a potion of degeneration
Books
 k - a book of Misfortune

   Spells                             Type                      Level
   a - Confusing Touch                Hexes                        1
   b - Confuse                        Hexes                        3
   c - Gell's Gravitas                Hexes/Translocation          3
   d - Petrify                        Transmutation/Earth          4
   e - Metabolic Englaciation         Hexes/Ice                    5
   f - Yara's Violent Unravelling     Hexes/Transmutation          5
Comestibles
 c - a meat ration
 f - a slice of pizza
 r - 2 royal jellies
 s - 2 chunks of flesh


   Skills:
 + Level 5.0 Fighting
 + Level 5.1 Axes
 * Level 5.0 Armour
 + Level 1.8 Dodging
 * Level 4.6 Invocations


You had 7 spell levels left.
You didn't know any spells.

Dungeon Overview and Level Annotations

Branches:
Dungeon (7/15)             Temple (0/1) D:5

Altars:
Xom

Shops:
D:5 [

Annotations:
D:3 Grinder; Lennu's ghost, amateur DsFi
D:6 Prince Ribbit


Innate Abilities, Weirdness & Mutations

Your body is rotting away.
You thrive on raw meat.
You are immune to poison.
You have sharp fingernails.
You are carnivorous and can eat meat at any time.
Your flesh is cold resistant. (rC+)
You are immune to negative energy. (rN+++)
You regenerate slowly when monsters are visible.
You are immune to unholy pain and torment.
You can survive without breathing.


Message History

You hit the orc warrior but do no damage.
The orc warrior is almost dead.
You hit the orc warrior but do no damage.
The orc warrior is almost dead.
The orc warrior hits you with a mace.
* * * LOW HITPOINT WARNING * * *
Your chain mail prevents you from hitting the orc warrior.
The orc warrior is almost dead.
The orc warrior hits you with a mace.
* * * LOW HITPOINT WARNING * * *
You hit the orc warrior.
The orc warrior is almost dead.
The orc warrior closely misses you.
You hit the orc warrior but do no damage.
The orc warrior is almost dead.
The orc warrior closely misses you.
You hit the orc warrior but do no damage.
The orc warrior is almost dead.
The orc warrior hits you with a mace!
You die...

### #.. # #.#
#.#.# ###.#.## # #
...... .#...
##.##.#.###......
.#........@oo.....
...$..#.#######.#
#..## #.# # .. #÷#
#.#.# #.#
#.#.###.#
#.......#
###.#.###
#....####


You could see an orc warrior and an orc.

Vanquished Creatures
  Sigmund (D:4)
  A phantom (D:4)
  A centaur (D:5)
  A scorpion (D:4)
  2 howler monkeys (D:4)
  A hound (D:5)
  2 bullfrog skeletons
  2 orc priests (D:4)
  4 orc wizards
  Jessica (D:3)
  2 iguanas
  Ijyb (D:2)
  Natasha (D:3)
  A worker ant (D:5)
  A howler monkey zombie (D:6)
  A gnoll (D:1)
  7 adders
  An adder zombie (D:6)
  4 worms
  7 leopard geckos
  11 orcs
  4 giant cockroaches
  3 hobgoblins (D:2)
  9 jackals
  8 kobolds
  3 quokkas
  5 bats
  4 frilled lizards (D:1)
  3 goblins (D:2)
  5 rats
97 creatures vanquished.

Notes
Turn   | Place    | Note
-------+----------+-------------------------------------------
     0 | Abyss:1  | Gargoyl the Ghoul Abyssal Knight began the quest for the Orb.
     0 | Abyss:1  | Reached XP level 1. HP: 19/19 MP: 1/1
   183 | Abyss:2  | Noticed a starcursed mass
   183 | D:1      | Escaped the Abyss
   637 | D:1      | Reached XP level 2. HP: 26/26 MP: 2/2
   694 | D:1      | Reached * piety under Lugonu
   764 | D:1      | Reached skill level 1 in Dodging
   958 | D:1      | Reached XP level 3. HP: 17/33 MP: 3/3
  1372 | D:2      | Reached XP level 4. HP: 27/40 MP: 5/5
  1893 | D:2      | Found a shimmering altar of Xom.
  1909 | D:2      | Noticed Ijyb
  1931 | D:2      | Killed Ijyb
  1931 | D:2      | Reached ** piety under Lugonu
  1931 | D:2      | Reached XP level 5. HP: 31/45 MP: 6/6
  2255 | D:3      | Noticed Grinder
  2261 | D:3      | Paralysed by Grinder for 7 turns
  2263 | D:3      | Noticed Lennu's ghost (amateur DsFi)
  2325 | D:4      | Noticed a phantom
  2435 | D:4      | Killed a phantom
  2435 | D:4      | Reached XP level 6. HP: 29/52 MP: 7/7
  2856 | D:4      | Noticed Sigmund
  2881 | D:4      | Killed Sigmund
  2881 | D:4      | Reached XP level 7. HP: 44/60 MP: 8/8
  3297 | D:3      | Noticed Jessica
  3303 | D:3      | Killed Jessica
  3404 | D:3      | Noticed Natasha
  3412 | D:3      | Killed Natasha
  3569 | D:5      | Entered Level 5 of the Dungeon
  3693 | D:5      | Reached XP level 8. HP: 43/67 MP: 10/10
  3819 | D:5      | Found Irigur's Antique Armour Shop.
  4014 | D:5      | Reached skill level 5 in Fighting
  4014 | D:5      | Reached skill level 5 in Armour
  4051 | D:5      | Found a staircase to the Ecumenical Temple.
  4150 | D:6      | Reached skill level 5 in Axes
  4235 | D:6      | Noticed Prince Ribbit
  4247 | D:6      | HP: 1/68 [Prince Ribbit (11)]
  4406 | D:7      | Reached *** piety under Lugonu
  4644 | D:7      | Slain by an orc warrior

Skill      XL: |  1  2  3  4  5  6  7  8 |
---------------+-------------------------+-----
Armour         | 2 3 4 5 |  5.0
Dodging        | 1 |  1.8
Axes           | 2 3 4 5 |  5.1
Invocations    | 3 4 |  4.6
Fighting       | 4 5 |  5.0

Action                   |  1- 3 |  4- 6 |  7- 9 || total
-------------------------+-------+-------+-------++-------
Melee: Hand axe          |   106 |   235 |   292 ||   633
Invok: Depart the Abyss  |     1 |       |       ||     1
       Bend Space        |       |     1 |       ||     1
  Use: Scroll            |     3 |     3 |     1 ||     7
       Potion            |       |       |     5 ||     5
  Eat: Chunk             |    11 |    26 |    27 ||    64
Armor: Ring mail         |    55 |    36 |       ||    91
       Leather armour    |     1 |       |       ||     1
       Chain mail        |       |    89 |   177 ||   266
Dodge: Dodged            |    91 |   109 |   157 ||   357
